 Dungeon Crawl Stone Soup version 0.22.1-2-g9c5b331 (webtiles) character file.

353 diana the Slasher (level 6, -1/47 (48) HPs)
             Began as a Demonspawn Gladiator on Nov 18, 2018.
             Killed from afar by an orc wizard (8 damage)
             ... with a magic dart
             ... on level 5 of the Dungeon.
             The game lasted 00:05:08 (3715 turns).

diana the Slasher (Demonspawn Gladiator)            Turns: 3715, Time: 00:05:13

HP:   -1/47 (48)    AC:  3    Str: 16    XL:     6   Next: 35%
MP:   0/6           EV: 13    Int:  9    God:
Gold: 193           SH:  4    Dex: 15    Spells: 5/5 levels left

rFire    . . .     SeeInvis .   a - +0 long sword
rCold    . . .     Gourm    .   (no shield)
rNeg     . . .     Faith    .   b - +0 leather armour
rPois    .         Spirit   +   (helmet restricted)
rElec    .         Reflect  .   e - scarf {Spirit}
rCorr    .         Harm     .   (no gloves)
MR       .....                  (no boots)
Stlth    +.........             (no amulet)
HPRegen  0.15/turn              (no ring)
MPRegen  0.10/turn              (no ring)

@: slowed, very slow
A: horns 1, large bone plates 1, demonic guardian 1
a: no special abilities


You were on level 5 of the Dungeon.
You were very hungry.

You visited 1 branch of the dungeon, and saw 5 of its levels.

You collected 193 gold pieces.

Inventory:

Hand Weapons
 a - a +0 long sword (weapon)
Missiles
 g - a throwing net (quivered)
Armour
 b - a +0 leather armour (worn)
 c - a +0 helmet
 e - a scarf of spirit shield (worn)
Wands
 r - a wand of random effects (24)
Scrolls
 h - 2 scrolls of identify {unknown}
 j - a scroll of enchant weapon {unknown}
 k - a scroll of immolation {unknown}
 m - 2 scrolls of teleportation {unknown}
 o - a scroll of fear {unknown}
 p - a scroll of blinking {unknown}
 q - a scroll of enchant armour {unknown}
 s - a scroll of remove curse
Potions
 d - 2 potions of brilliance
 i - a potion of agility
 l - a potion of magic
 n - a potion of mutation {unknown}
Comestibles
 f - 9 rations


   Skills:
 + Level 3.8 Fighting
 * Level 4.5 Long Blades
 - Level 1.7 Throwing
 - Level 3.3 Armour
 - Level 2.6 Dodging


You had 5 spell levels left.
You didn't know any spells.
Your spell library was empty.

Dungeon Overview and Level Annotations

Branches:
Dungeon (5/15)
 Temple: D:4-7

Altars:
Ashenzari
Dithmenos
Vehumet
Xom
The Shining One


Innate Abilities, Weirdness & Mutations

You have a pair of small horns on your head.
You are partially covered in large bone plates. (SH +4)
A weak demonic guardian rushes to your aid.


Message History

The orc wizard gestures at you while chanting.
You resist with some effort. The orc hits you with a morningstar.
The orc wizard misses you. The orc hits you with a morningstar!
You are too injured to fight recklessly!
You are too injured to fight recklessly!
You are too injured to fight recklessly!
You are too injured to fight recklessly!
You barely miss the orc wizard.
The orc wizard is severely wounded.
The orc wizard gestures at you while chanting.
The magic dart hits you!
* * * LOW HITPOINT WARNING * * *
The orc wizard closely misses you.
You riposte.
You closely miss the orc wizard.
You headbutt the orc wizard, but do no damage.
The orc wizard is severely wounded.
The orc barely misses you.
The orc wizard gestures at you while chanting.
The magic dart hits you!
You die...

## .# .### ## .#.. .#
.#.# .# .#.# .# . .#.#
###### .# ..#
.#.###....#######o#.....
>.........'....)@o......
.#........#.....#.......
.#........#.....#.......
.#.###....#.....#.#.....
.#........#.....#.#.#...
................+.. . ..
................#+# . .
................. #.
..............


You could see an orc wizard and an orc.

Vanquished Creatures
  A necrophage (D:3)
  A crimson imp (D:4)
  An orc priest (D:5)
  2 worker ants (D:4)
  4 adders
  A shadow imp (D:4)
  An ooze (D:3)
  An adder skeleton (D:5)
  6 worms
  A dart slug (D:2)
  2 leopard geckos
  4 orcs
  A ball python (D:4)
  7 bats
  5 giant cockroaches
  5 hobgoblins
  3 jackals (D:2)
  10 kobolds
  2 quokkas
  3 frilled lizards
  13 goblins
  A jackal skeleton (D:5)
  6 rats
81 creatures vanquished.

Notes
Turn   | Place    | Note
-------+----------+-------------------------------------------
     0 | D:1      | diana the Demonspawn Gladiator began the quest for the Orb.
     0 | D:1      | Reached XP level 1. HP: 16/16 MP: 1/1
   156 | D:1      | Reached skill level 1 in Armour
   156 | D:1      | Gained mutation: You have a pair of small horns on your
                  | head. [demonic ancestry]
   156 | D:1      | Reached XP level 2. HP: 19/22 MP: 2/2
   593 | D:2      | Reached skill level 3 in Long Blades
   593 | D:2      | Reached XP level 3. HP: 18/28 MP: 1/3
   974 | D:2      | Found a shadowy altar of Dithmenos.
  1342 | D:2      | Found a shadowy altar of Dithmenos.
  1749 | D:3      | Reached XP level 4. HP: 29/34 MP: 2/4
  1988 | D:3      | Noticed a necrophage
  2016 | D:3      | Killed a necrophage
  2016 | D:3      | Gained mutation: You are partially covered in large bone
                  | plates. (SH +4) [demonic ancestry]
  2016 | D:3      | Reached XP level 5. HP: 13/40 MP: 5/5
  2604 | D:3      | Found a glowing golden altar of the Shining One.
  2826 | D:4      | Reached skill level 4 in Long Blades
  2866 | D:4      | Gained mutation: A weak demonic guardian rushes to your
                  | aid. [demonic ancestry]
  2866 | D:4      | Reached XP level 6. HP: 26/46 MP: 4/6
  3068 | D:4      | Found a radiant altar of Vehumet.
  3348 | D:4      | Found a shattered altar of Ashenzari.
  3426 | D:4      | Found a shimmering altar of Xom.
  3566 | D:5      | Entered Level 5 of the Dungeon
  3715 | D:5      | Killed from afar by an orc wizard

Skill      XL: |  1  2  3  4  5 |
---------------+----------------+-----
Armour         | 1 2 3 |  3.3
Long Blades    | 3 4 |  4.5
Fighting       | 3 |  3.8
Throwing       | |  1.7
Dodging        | |  2.6

Action                   |  1- 3 |  4- 6 || total
-------------------------+-------+-------++-------
Melee: Long sword        |   113 |   125 ||   238
       Headbutt          |    21 |    29 ||    50
Throw: Throwing net      |       |     3 ||     3
  Use: Potion            |     2 |     5 ||     7
       Scroll            |     1 |       ||     1
 Stab: Held in net/web   |       |     1 ||     1
  Eat: Chunk             |     3 |     5 ||     8
Armor: Leather armour    |    21 |    13 ||    34
       Skin              |    15 |       ||    15
Dodge: Dodged            |    85 |    87 ||   172
Block: Other             |       |     9 ||     9
       Rpst.: Long sword |    27 |    30 ||    57
